Map: 이어 제로 - 래더

Players

Mamba

  • Race: Zerg Zerg
  • Spawn Location: 11:00

Stats - Winner!

  • Race: Protoss Protoss
  • Spawn Location: 1:00

Event: IEM Season 13: Katowice (2019)

VOD

Have the link to the VOD?

Description

Time

  • Played on: Feb. 26, 2019, 9:21 a.m.
  • Length: 8:25

All games in this series

Show
View Real Time Build Order
Export as new Build Order

Mamba Zerg 

Build Orders: Hatch First 

Get SALT Encoding   

  12  0:00  Drone  
  13  0:13  Overlord  
  13  0:18  Drone  
  14  0:31  Drone  
  14  0:32  Drone  
  16  0:50  Hatchery  
  16  0:53  Drone  
  16  0:56  Drone  
  17  1:00  Drone  
  18  1:11  Extractor  
  17  1:15  Spawning Pool  
  16  1:19  Drone  
  16  1:22  Drone  
  18  1:29  Drone  
  19  1:40  Drone  
  20  1:52  Overlord  
  20  2:02  Queen x2  
  20  2:04  Zergling x4  
  26  2:13  Drone  
  26  2:14  Drone  
  26  2:15  Metabolic Boost  
  28  2:24  Drone x2  
  30  2:34  Drone x2  
  32  2:44  Hatchery  
  32  2:49  Overlord  
  31  2:55  Queen  
  33  2:59  Drone  
  33  3:01  Drone  
  33  3:04  Drone  
  36  3:07  Drone  
  36  3:12  Drone x2  
  39  3:15  Overlord  
  39  3:17  Drone  
  40  3:20  Overlord  
  40  3:22  Drone  
  40  3:24  Drone  
  40  3:26  Drone  
  43  3:30  Drone  
  44  3:40  Spore Crawler  
  43  3:44  Drone x5  
  48  3:52  Overlord  
  48  3:53  Queen  
  48  3:55  Drone  
  51  3:58  Drone x2  
  51  4:00  Roach Warren  
  51  4:02  Drone  
  53  4:05  Spore Crawler  
  51  4:12  Drone x3, Spore Crawler  
  53  4:17  Drone x3  
  53  4:23  Drone x3  
  59  4:26  Queen  
  59  4:31  Lair  
  61  4:34  Drone  
  61  4:36  Overlord  
  62  4:39  Extractor x2  
  62  4:41  Drone x3  
  62  4:52  Drone  
  62  4:53  Drone x4  
  62  4:55  Drone  
  62  4:57  Queen  
  69  5:02  Overlord x2  
  68  5:08  Roach  
  68  5:09  Roach  
  68  5:12  Overlord x3  
  72  5:20  Overlord x2  
  72  5:22  Roach x3  
  72  5:24  Roach x3  
  84  5:29  Roach x2  
  84  5:30  Glial Reconstitution  
  88  5:36  Roach x2  
  88  5:37  Roach  
  88  5:39  Drone x4  
  98  5:44  Hydralisk Den  
  98  5:46  Evolution Chamber  
  98  5:47  Drone x2  
  98  5:49  Extractor  
  97  5:50  Extractor  
  97  5:55  Drone x5  
  97  6:03  Drone x5  
  97  6:13  Drone x3  
  100  6:20  Extractor, Hatchery  
  100  6:22  Zerg Missile Weapons Level 1  
  100  6:23  Muscular Augments, Hydralisk  
  100  6:24  Hydralisk  
  102  6:25  Overlord  
  102  6:26  Overlord  
  100  6:32  Queen  
  100  6:33  Overlord  
  100  6:34  Overlord  
  101  6:45  Hydralisk x6  
  110  6:51  Drone x3  
  113  6:58  Drone x2  
  113  6:59  Baneling Nest  
  114  7:04  Hydralisk x4  
  114  7:08  Zergling x4  
  124  7:14  Drone  
  124  7:15  Drone  
  126  7:19  Drone  
  126  7:20  Hydralisk  
  126  7:21  Hydralisk x2  
  129  7:27  Zergling x2  
  129  7:28  Zergling x6  
  133  7:31  Zergling x2  
  134  7:46  Zergling x18  
  134  7:48  Baneling x10  
  134  7:50  Zergling x4  
  145  7:55  Zergling x2  
  145  7:56  Zergling x6  
Show
View Real Time Build Order
Export as new Build Order

Stats Protoss - Winner!

Build Orders: 1 Gate Expand, Oracle Opening, Archon Immortal, Archon Drop 

Get SALT Encoding   

  12  0:00  Probe  
  13  0:12  Probe  
  14  0:19  Pylon  
  14  0:25  Probe  
  15  0:33  Probe  
  15  0:41  Probe  
  16  0:46  Gateway  
  16  0:48  Assimilator  
  17  0:52  Probe  
  18  1:04  Probe  
  19  1:16  Probe  
  20  1:25  Nexus  
  20  1:35  Cybernetics Core  
  20  1:38  Probe  
  21  1:45  Assimilator  
  21  1:50  Probe  
  22  1:54  Pylon  
  22  2:02  Probe  
  22  2:03  Adept  
  23  2:14  Probe  
  26  2:18  Stargate  
  26  2:27  Warp Gate, Probe  
  27  2:33  Probe  
  27  2:35  Probe  
  27  2:36  Stalker  
  29  2:42  Probe  
  29  2:43  Probe  
  33  2:52  Probe  
  33  2:53  Probe  
  33  2:54  Oracle  
  35  3:04  Probe  
  39  3:05  Probe  
  39  3:11  Pylon  
  40  3:16  Probe  
  40  3:18  Probe  
  42  3:21  Assimilator  
  42  3:24  Assimilator  
  42  3:25  Oracle  
  42  3:28  Probe  
  42  3:30  Probe  
  47  3:39  Gateway  
  47  3:43  Probe x2  
  49  3:49  Robotics Facility  
  49  3:52  Pylon  
  49  3:55  Probe  
  50  3:57  Probe  
  50  4:01  Twilight Council  
  51  4:09  Probe  
  53  4:10  Probe  
  53  4:16  Gateway  
  53  4:20  Gateway  
  53  4:21  Probe  
  53  4:22  Probe  
  55  4:26  Warp Prism  
  55  4:30  Pylon  
  55  4:33  Zealot  
  59  4:41  Templar Archives  
  59  4:52  Zealot  
  61  4:55  Observer  
  61  5:01  Pylon  
  61  5:06  Nexus  
  62  5:07  Pylon  
  62  5:13  Probe x2  
  64  5:15  Pylon  
  64  5:22  High Templar x4  
  64  5:25  Forge  
  64  5:26  Immortal  
  64  5:27  Archon x2  
  72  5:29  Probe x2  
  78  5:43  Probe x2  
  78  5:44  Charge  
  78  5:47  Protoss Ground Weapons Level 1  
  80  5:54  Immortal  
  84  6:15  Probe x2  
  86  6:18  Sentry  
  86  6:19  Sentry  
  86  6:23  Gateway  
  86  6:24  Immortal  
  86  6:25  Gateway  
  90  6:27  Gateway  
  90  6:29  Gateway  
  90  6:33  Probe x3  
  90  6:37  Sentry  
  99  6:49  Sentry  
  99  6:50  Zealot x2  
  99  6:53  Pylon  
  105  6:54  Pylon x2  
  105  6:55  Probe x2  
  105  6:56  Pylon  
  105  6:57  Probe  
  108  7:14  Zealot x4  
  116  7:19  Immortal  
  120  7:23  Zealot x3  
  120  7:26  Shield Battery  
  120  7:27  Zealot  
  128  7:30  Probe  
  128  7:35  Zealot  
  128  7:36  Zealot  
  135  7:38  Zealot x2  
  135  7:39  Pylon  
  137  8:02  Zealot x3  
  137  8:03  Zealot x4  
  147  8:09  Zealot  
  125  8:22  Zealot x2  
  125  8:23  Zealot x5  

Tags
 
Add a new tag
Caveats
  • Supply blocks, unpowered buildings, or Contaminate may cause inaccurate times.
  • Supply counts are checked every 10 seconds.